 Dungeon Crawl Stone Soup version 0.23-a0-650-ga4d50d4 (webtiles) character file.

466 Amnesiac the Ducker (level 6, -3/32 HPs)
             Began as a Spriggan Berserker on Jan 3, 2019.
             Was an Elder of Trog.
             Slain by a centaur (7 damage)
             ... on level 5 of the Dungeon.
             The game lasted 00:08:09 (5938 turns).

Amnesiac the Ducker (Spriggan Berserker)            Turns: 5938, Time: 00:08:10

Health: -3/32      AC:  5    Str: 15    XL:     6   Next: 81%
Magic:  9/9        EV: 21    Int:  9    God:    Trog [****..]
Gold:   212        SH:  7    Dex: 15    Spells: 5/5 levels left

rFire    . . .     SeeInvis +   a - +0 falchion
rCold    . . .     Gourm    .   u - +2 buckler
rNeg     . . .     Faith    .   b - +0 animal skin
rPois    .         Spirit   .   (helmet restricted)
rElec    .         Reflect  .   o - +2 cloak {+Inv}
rCorr    .         Harm     .   (gloves unavailable)
MR       +....                  (boots unavailable)
Stlth    +.........             (no amulet)
HPRegen  0.10/turn              h - ring of flight (curse)
MPRegen  0.11/turn              (no ring)

@: very slightly contaminated, very quick
A: very small, unfitting armour, see invisible, herbivore, speed 3, slow
metabolism 2
a: Berserk, Trog's Hand, Brothers in Arms, Renounce Religion, Evoke
Invisibility, Evoke Flight


You were on level 5 of the Dungeon.
You worshipped Trog.
Trog was greatly pleased with you.
You were very full.

You visited 1 branch of the dungeon, and saw 5 of its levels.
You also visited: Ossuary.

You collected 212 gold pieces.

Inventory:

Hand Weapons
 a - a +0 falchion (weapon)
 p - a +4 quarterstaff of chaos
Missiles
 d - 6 poisoned tomahawks (quivered)
Armour
 b - a +0 animal skin (worn)
 o - a +2 cloak of invisibility (worn)
 u - a +2 buckler (worn)
Jewellery
 h - a cursed ring of flight (left hand)
Scrolls
 f - 4 scrolls of teleportation {!r}
 g - 2 scrolls of enchant weapon {!r}
 i - a scroll of blinking {!r}
 j - 3 scrolls of identify {!r}
 l - 5 scrolls of remove curse {!r}
 v - a scroll of magic mapping {!r, unknown}
Potions
 c - a potion of lignification {!q, unknown}
 e - 2 potions of resistance {!q, unknown}
 k - 3 potions of invisibility {!q, unknown}
 m - 2 potions of agility {!q, unknown}
 n - 3 potions of curing {!q}
 r - 2 potions of flight {!q, unknown}
 s - a potion of might {!q, unknown}
 t - a potion of mutation {!q, unknown}
Comestibles
 q - a ration


   Skills:
 - Level 3.0 Fighting
 * Level 4.8 Long Blades
 + Level 6.8 Dodging
 + Level 3.3 Evocations


You had 5 spell levels left.
You didn't know any spells.
Your spell library contained the following spells:

 Spells                   Type           Power        Failure   Level  Hunger
 Shock                    Conj/Air       #...         56%         1    ##.....
 Swiftness                Chrm/Air       #.......     71%         2    ###....
 Static Discharge         Conj/Air       #.......     90%         3    ####...
 Airstrike                Air            #.........   100%        4    #####..
 Lightning Bolt           Conj/Air       #.........   100%        5    ######.


Dungeon Overview and Level Annotations

Branches:
Dungeon (5/15)             Temple (0/1) D:4

Altars:


Innate Abilities, Weirdness & Mutations

You are very small and have problems with some larger weapons.
You are too small for most types of armour.
You have supernaturally acute eyesight. (SInv)
You are a herbivore.
You cover ground extremely quickly.
You need to consume almost no food.


Message History

The jelly jiggles.
The centaur shoots an arrow.
The arrow hits the jelly!
The jelly dies!
You hit the centaur.
The centaur is moderately wounded.
The centaur unwields a +0 shortbow.
The centaur misses you.
You riposte.
You closely miss the centaur.
The centaur is moderately wounded.
You barely miss the centaur.
The centaur is moderately wounded.
The centaur hits you.
* * * LOW HITPOINT WARNING * * *
You block the centaur's attack.
You closely miss the centaur.
The centaur is moderately wounded.
You flicker back into view.
You block the centaur's attack.
You hit the centaur but do no damage.
The centaur is moderately wounded.
The centaur hits you.
* * * LOW HITPOINT WARNING * * *
The centaur barely misses you.
You riposte.
You hit the centaur.
The centaur is moderately wounded.
You barely miss the centaur.
The centaur is moderately wounded.
You block the centaur's attack. The centaur closely misses you.
You riposte.
You hit the centaur but do no damage.
The centaur is moderately wounded.
You hit the centaur.
The centaur is moderately wounded.
You are no longer corroded.
The centaur completely misses you. The centaur misses you.
You riposte.
You barely miss the centaur.
The centaur is moderately wounded.
You hit the centaur.
The centaur is heavily wounded.
The centaur misses you.
You riposte.
You hit the centaur.
The centaur is severely wounded.
You hit the centaur but do no damage.
The centaur is severely wounded.
The centaur misses you.
You riposte.
You hit the centaur.
The centaur is almost dead.
The centaur barely misses you.
You hit the centaur but do no damage.
The centaur is almost dead.
You block the centaur's attack.
Your shield prevents you from hitting the centaur.
The centaur is almost dead.
The centaur hits you.
* * * LOW HITPOINT WARNING * * *
The centaur hits you but does no damage.
You hit the centaur.
The centaur is almost dead.
You block the centaur's attack. The centaur hits you.
* * * LOW HITPOINT WARNING * * *
You hit the centaur but do no damage.
The centaur is almost dead.
The centaur misses you.
You riposte.
You hit the centaur but do no damage.
The centaur is almost dead.
The centaur hits you but does no damage.
Your shield prevents you from hitting the centaur.
The centaur is almost dead.
The centaur hits you!
You die...

....................
#...................
#....[/..............
#........)...........
####........((..........
.............(..........
####.........((.........
.......<..c...(.........
###......@.............(
#............(........
##............(.(.....
............(..........
###.....(..............
############.####....
#.# ..## #.# .# ... #


You could see a centaur.

Vanquished Creatures
  An elf zombie (Ossuary)
  A centaur zombie (Ossuary)
  An orc priest (D:4)
  Crazy Yiuf (D:2)
  An orc wizard (D:4)
  A big kobold zombie (Ossuary)
  2 mummies (Ossuary)
  A worker ant zombie (D:3)
  A howler monkey zombie (D:5)
  4 adders
  3 adder zombies (Ossuary)
  A worm (D:2)
  2 dart slugs
  4 leopard geckos
  9 orcs
  4 giant cockroaches
  13 goblins
  8 hobgoblins
  5 jackals
  2 quokkas (D:3)
  4 ball pythons
  10 bats
  10 frilled lizards
  9 hobgoblin zombies (Ossuary)
  2 jackal zombies (Ossuary)
  7 kobolds
  7 kobold zombies (Ossuary)
  11 orc zombies (Ossuary)
  6 rats
  2 rat zombies (Ossuary)
133 creatures vanquished.

Vanquished Creatures (others)
  A centaur (D:5)
  A jelly (D:5)
2 creatures vanquished.

Grand Total: 135 creatures vanquished

Notes
Turn   | Place    | Note
-------+----------+-------------------------------------------
     0 | D:1      | Amnesiac the Spriggan Berserker began the quest for the
                  | Orb.
     0 | D:1      | Reached XP level 1. HP: 11/11 MP: 2/2
   292 | D:1      | Reached XP level 2. HP: 11/16 MP: 3/3
   882 | D:1      | Reached XP level 3. HP: 19/19 MP: 4/4
   919 | D:1      | Reached ** piety under Trog
  1227 | D:2      | Reached skill level 5 in Dodging
  1379 | D:2      | Found a runed door.
  2206 | D:2      | Reached XP level 4. HP: 14/23 MP: 5/5
  2532 | D:2      | Noticed Crazy Yiuf
  2542 | D:2      | Killed Crazy Yiuf
  2979 | D:3      | Reached *** piety under Trog
  2979 | D:3      | Reached XP level 5. HP: 17/28 MP: 6/6
  3226 | D:3      | Reached skill level 1 in Evocations
  3333 | D:4      | Found a sand-covered staircase.
  3339 | Ossuary  | Entered an ossuary
  3480 | Ossuary  | Received a gift from Trog
  3840 | Ossuary  | Reached skill level 6 in Dodging
  4199 | Ossuary  | Reached XP level 6. HP: 27/32 MP: 8/8
  4403 | Ossuary  | Reached **** piety under Trog
  5377 | D:4      | Found a staircase to the Ecumenical Temple.
  5867 | D:5      | Entered Level 5 of the Dungeon
  5938 | D:5      | Slain by a centaur

Vault maps used:
D:1:      lightli_molten_gateway, nrook_uturn
D:2:      minmay_split_cup_large, uniq_crazy_yiuf_cottage
D:3:      first_ration, minmay_crystal_water
D:4:      temple_hall, nicolae_ossuary_entry_plus
D:5:      grunt_qazlal_sundering, uniq_ijyb
Ossuary:  ossuary_tomb_1

Skill      XL: |  1  2  3  4  5  6 |
---------------+-------------------+-----
Long Blades    | 3 4 |  4.8
Dodging        | 5 6 |  6.8
Fighting       | 3 |  3.0
Evocations     | 2 3 |  3.3

Action                   |  1- 3 |  4- 6 || total
-------------------------+-------+-------++-------
Melee: Falchion          |   151 |   358 ||   509
Throw: Tomahawk          |       |    16 ||    16
Invok: Berserk           |       |     5 ||     5
 Abil: Evoke Invisibilit |       |     1 ||     1
  Use: Scroll            |       |    11 ||    11
       Potion            |       |     1 ||     1
 Stab: Sleeping          |     3 |     1 ||     4
  Eat: Ration            |       |     8 ||     8
Armor: Animal skin       |    14 |    15 ||    29
Dodge: Dodged            |   151 |   303 ||   454
Block: Buckler           |       |    19 ||    19
       Rpst.: Falchion   |    55 |   104 ||   159

Table legend:
 A = Non-vault XP
 B = Vault XP
 C = Vault XP percentage of total XP
 D = Non-vault monster count
 E = Vault monster count
 F = Vault count percentage of total count
                 A         B        C        D         E       F
            +---------+---------+-------+---------+---------+-------
      Total |     356 |     310 |  46.5 |      91 |      44 |  32.6
            +---------+---------+-------+---------+---------+-------
        D:1 |      47 |       0 |   0.0 |      28 |       0 |   0.0
        D:2 |      40 |      50 |  55.6 |      18 |       5 |  21.7
        D:3 |      76 |       0 |   0.0 |      26 |       0 |   0.0
        D:4 |     136 |       0 |   0.0 |      16 |       0 |   0.0
        D:5 |      57 |       0 |   0.0 |       3 |       0 |   0.0
    Ossuary |       0 |     260 | 100.0 |       0 |      39 | 100.0
            +---------+---------+-------+---------+---------+-------
